 Dungeon Crawl Stone Soup version 0.27.1 (webtiles) character file.

Game seed: 12023795756314354988

17572 hilljack the Frost Mage (level 12, -16/63 HPs)
             Began as a Gargoyle Ice Elementalist on Aug 28, 2021.
             Was an Elder of Sif Muna.
             Demolished by a dire elephant simulacrum (36 damage)
             ... in an ice cave on Aug 29, 2021.
             The game lasted 00:48:31 (13884 turns).

hilljack the Frost Mage (GrIE)                     Turns: 13884, Time: 00:48:31

Health: -16/63     AC: 16    Str: 11    XL:     12   Next: 49%
Magic:  16/24      EV: 29    Int: 20    God:    Sif Muna [****..]
Gold:   418        SH:  5    Dex: 10    Spells: 9/27 levels left

rFire    . . .     SeeInvis .   E - +8 short sword "Husiyvedgh" {spect, rPois Will+ Str-2 Stlth+}
rCold    . . .     Faith    .   j - +1 buckler
rNeg     + . .     Spirit   .   G - +2 robe of Vines {NoPotionHeal Regen+++}
rPois    ∞         Reflect  .   (no helmet)
rElec    +         Harm     .   b - +1 cloak
rCorr    .         Rampage  .   (no gloves)
Will     +....                  c - +0 pair of boots
Stlth    +++.......             C - amulet of the acrobat
HPRegen  3.20/turn              (no ring)
MPRegen  0.19/turn              (no ring)

@: acrobatic, very slightly contaminated
A: sickness immunity, AC +8, negative energy resistance 1, electricity
resistance, torment resistance 1, petrification resistance
a: Renounce Religion, Channel Magic, Forget Spell, Divine Exegesis


You were in an ice cave.
You worshipped Sif Muna.
Sif Muna was greatly pleased with you.
You visited 3 branches of the dungeon, and saw 13 of its levels.
You also visited: Sewer and Ice Cave.

You collected 1263 gold pieces.
You spent 845 gold pieces at shops.

Inventory:

Hand Weapons
 E - the +8 short sword "Husiyvedgh" (weapon) {spect, rPois Will+ Str-2 Stlth+}
   (You found it on level 1 of the Lair of Beasts)

   When its wielder attacks, the weapon's spirit leaps out and strikes again.
   The spirit shares a part of any damage it takes with its wielder.
   Str:       It affects your strength (-2).
   rPois:     It protects you from poison.
   Will:      It increases your willpower.
   Stlth:     It makes you more stealthy.
Missiles
 e - 458 stones
 w - 2 throwing nets
Armour
 b - a +1 cloak (worn)
 c - a +0 pair of boots (worn)
 j - a +1 buckler (worn)
 v - +0 ice dragon scales
 G - the +2 robe of Vines (worn) {NoPotionHeal Regen+++}
   (You bought it in a shop on level 1 of the Dungeon)

   Its wearer cannot be healed by potions.
   Regen:     It increases your rate of health regeneration.
Jewellery
 C - an amulet of the acrobat (around neck)
Wands
 d - a wand of flame (17)
 i - a wand of acid (12)
 m - a wand of digging (4)
 I - a wand of iceblast (7)
 J - a wand of polymorph (7)
Scrolls
 f - 4 scrolls of fear
 o - 4 scrolls of fog
 t - 2 scrolls of blinking
 u - 7 scrolls of teleportation
Potions
 a - a potion of brilliance
 g - 4 potions of magic
 k - 2 potions of curing
 l - a potion of attraction
 n - a potion of lignification
 p - a potion of cancellation
 q - 2 potions of haste
 s - a potion of mutation {unknown}
 x - a potion of berserk rage {unknown}
 z - a potion of might {unknown}
 A - a potion of resistance {unknown}
 F - a potion of heal wounds
 H - 2 potions of flight
 K - a potion of invisibility


   Skills:
 + Level 2.3 Fighting
 + Level 1.9 Short Blades
 - Level 2.0 Armour
 + Level 7.6 Dodging
 + Level 3.6 Stealth
 - Level 4.0 Shields
 + Level 8.4 Spellcasting
 + Level 9.6 Conjurations
 + Level 2.9 Summonings
 + Level 9.8 Ice Magic
 + Level 7.7 Invocations


You had 9 spell levels left.
You knew the following spells:

 Your Spells              Type           Power      Damage    Failure   Level
a - Freeze                Ice            100%       1d11      1%          1
b - Magic Dart            Conj           100%       1d8       1%          1
c - Frozen Ramparts       Ice            94%        1d11      1%          3
d - Searing Ray           Conj           92%        3d6       1%          2
e - Hailstorm             Conj/Ice       47%        3d11      1%          4
f - Ozocubu's Armour      Ice            47%        N/A       1%          3
g - Summon Ice Beast      Ice/Summ       34%        N/A       6%          4

Your spell library contained the following spells:

 Spells                   Type           Power      Damage    Failure   Level
 Iskenderun's Battlesphe  Conj           46%        2d10      4%          5
 Corona                   Hex            8%         N/A       9%          1
 Fulminant Prism          Conj/Hex       13%        3d9       12%         4
 Tukima's Dance           Hex            8%         N/A       24%         3
 Summon Lightning Spire   Summ/Air       14%        N/A       41%         4
 Summon Mana Viper        Hex/Summ       14%        N/A       77%         5
 Iron Shot                Conj/Erth      13%        9d3       87%         6
 Spellforged Servitor     Conj/Summ      16%        N/A       99%         7
 Invisibility             Hex            4%         N/A       100%        6
 Monstrous Menagerie      Summ           10%        N/A       100%        7


Dungeon Overview and Level Annotations

Branches:
Dungeon (10/15)            Temple (1/1) D:6            Lair (2/6) D:9
  Sewer (visited)           IceCv (1/1)
  Swamp: Lair:2-4    Shoals: Lair:2-4     Snake: Lair:2-4    Spider: Lair:2-4
    Orc: D:9-12

Altars:
Ashenzari
Cheibriados
Dithmenos
Elyvilon
Fedhas
Gozag
Hepliaklqana
Kikubaaqudgha
Makhleb
Nemelex Xobeh
Okawaru
Qazlal
Ru
Sif Muna
Trog
Uskayaw
Wu Jian
Xom
Yredelemnul
Zin
The Shining One

Shops:
D:1 [


Innate Abilities, Weirdness & Mutations

You are immune to sickness and miasma.
Your stone body is resilient. (AC +8)
You are immune to poison.
You resist negative energy. (rN+)
You are resistant to electric shocks. (rElec)
You are resistant to unholy torment.
You are immune to petrification.


Message History

What are your orders? t - Shout!
Orders for allies: a - Attack new target. r - Retreat! s - Stop attacking. g - Guard the area. f - Follow me.
Anything else - Cancel.
You shout for attention!
The wolf simulacrum misses you.
You puncture the wolf simulacrum!
The wolf simulacrum is heavily damaged.
Your +8 short sword "Husiyvedgh" {spect, rPois Will+ Str-2 Stlth+} hits the wolf simulacrum!
The wolf simulacrum vaporises!
Sif Muna accepts your kill.
You flicker for a moment.
You flicker back into view.
Casting: Summon Ice Beast (dangerous; 6% risk of failure)
Confirm with . or Enter, or press ? or * to list all spells.
A chill wind blows around you.
The dire elephant simulacrum tramples you!
The dire elephant simulacrum freezes you!!
Ouch! That really hurt!
* * * LOW HITPOINT WARNING * * *
The dire elephant simulacrum barely misses you.
Your ice beast hits the dire elephant simulacrum.
Your ice beast freezes the dire elephant simulacrum.
The dire elephant simulacrum completely resists.
Okay, then.
The dire elephant simulacrum tramples your ice beast!!
The dire elephant simulacrum freezes your ice beast.
Your ice beast completely resists.
The dire elephant simulacrum closely misses your ice beast.
Your ice beast hits the dire elephant simulacrum but does no damage.
Casting: Summon Ice Beast (dangerous; 6% risk of failure)
Confirm with . or Enter, or press ? or * to list all spells.
A chill wind blows around you.
Your ice beast completely misses the dire elephant simulacrum.
The dire elephant simulacrum tramples you.
The dire elephant simulacrum freezes you!!!
Ouch! That really hurt!
You die...

...#
##.##
##...##
##.Z...##
#...∩...#
#.......#
#.YZ....#
#.Z.∩...#
#Y.@....#
#########


You could see 2 dire elephant simulacra, a cane toad simulacrum and 2 friendly
ice beasts.

Vanquished Creatures
  Erolcha (D:9)
  Erica (D:8)
  A two-headed ogre (D:9)
  A cane toad (Lair:1)
  A komodo dragon (D:9)
  A polar bear (Lair:1)
  2 trolls
  Prince Ribbit (D:9)
  9 blink frogs (Lair:1)
  5 wyverns
  2 basilisks
  38 yaks
  Menkaure (D:5)
  9 water moccasins
  An orc warrior (D:9)
  An ice beast (D:7)
  3 necrophages
  2 ogres (D:5)
  4 centaurs
  4 kobold brigands
  8 bullfrogs
  4 scorpions
  A water moccasin skeleton (D:4)
  8 killer bees (D:9)
  6 howler monkeys
  A vampire bat (Lair:2)
  7 wights
  An electric eel (D:7)
  2 centaur zombies (D:9)
  5 hounds
  4 gnoll shamans
  2 orc priests
  2 jellies
  A centaur skeleton (D:6)
  Ijyb (D:3)
  4 orc wizards
  2 iguanas
  A scorpion zombie (D:5)
  A wolf simulacrum (IceCv)
  27 adders
  18 gnolls
  3 river rats (Sewer)
  A white imp (D:7)
  3 ufetubi
  5 worms
  6 dart slugs
  23 orcs
  5 endoplasms
  3 giant cockroaches
  11 goblins
  6 hobgoblins
  5 jackals (D:2)
  4 quokkas
  12 ball pythons
  8 bats
  6 frilled lizards
  23 kobolds
  26 rats
344 creatures vanquished.

Vanquished Creatures (collateral kills)
  A two-headed ogre (D:8)
  A blink frog (Lair:1)
  3 yaks (Lair:1)
5 creatures vanquished.

Vanquished Creatures (others)
  3 bushes (D:9)
  3 fungi
  28 plants
34 creatures vanquished.

Grand Total: 383 creatures vanquished

Notes
Turn   | Place    | Note
-------+----------+-------------------------------------------
     0 | D:1      | hilljack the Gargoyle Ice Elementalist began the quest for
                  | the Orb.
     0 | D:1      | Reached XP level 1. HP: 10/10 MP: 3/3
   395 | D:1      | Learned a level 1 spell: Magic Dart
   452 | D:1      | Reached XP level 2. HP: 15/15 MP: 3/5
   738 | D:1      | Found Ryfip's Armour Emporium.
   786 | D:1      | Bought a +0 pair of boots for 45 gold pieces
   830 | D:1      | Found a faded altar of an unknown god.
  1823 | D:2      | Reached XP level 3. HP: 17/19 MP: 0/6
  1835 | D:2      | Reached skill level 1 in Conjurations
  2265 | D:2      | Reached skill level 1 in Armour
  2265 | D:2      | Reached XP level 4. HP: 24/24 MP: 4/7
  2675 | D:2      | Learned a level 3 spell: Frozen Ramparts
  3218 | D:3      | Learned a level 2 spell: Searing Ray
  3460 | D:3      | Reached XP level 5. HP: 26/28 MP: 5/9
  3587 | D:3      | Found a stormy altar of Qazlal.
  3805 | D:3      | Noticed Ijyb
  3826 | D:3      | Killed Ijyb
  4076 | D:4      | Reached skill level 1 in Shields
  4468 | D:4      | Reached XP level 6. HP: 32/32 MP: 6/10
  4518 | D:4      | Found a white marble altar of Elyvilon.
  4765 | D:4      | Reached skill level 5 in Ice Magic
  5313 | D:5      | Entered Level 5 of the Dungeon
  5321 | D:5      | Reached XP level 7. HP: 36/36 MP: 8/12
  5614 | D:5      | Reached XP level 8. HP: 11/41 MP: 1/14
  5616 | D:5      | Found a glowing drain.
  5665 | Sewer    | Entered a sewer
  6507 | D:5      | Found a bloodstained altar of Trog.
  6519 | D:5      | Found a hazy altar of Hepliaklqana.
  6698 | D:5      | Found an iron altar of Okawaru.
  6857 | D:5      | Noticed Menkaure
  6861 | D:5      | Killed Menkaure
  6862 | D:5      | Reached skill level 5 in Conjurations
  7066 | D:6      | Reached skill level 5 in Spellcasting
  7066 | D:6      | Reached XP level 9. HP: 34/45 MP: 7/16
  7458 | D:6      | Got Sif Muna's Collected Works on Ensnaring Summoning
  7498 | D:6      | Found a staircase to the Ecumenical Temple.
  7510 | Temple   | Entered the Ecumenical Temple
  7678 | Temple   | Became a worshipper of Sif Muna the Loreminder
  7919 | D:6      | Reached skill level 1 in Invocations
  8673 | D:7      | Noticed a troll
  8690 | D:7      | Killed a troll
  8691 | D:7      | Reached skill level 5 in Dodging
  9036 | D:7      | Identified a scroll of acquirement
  9036 | D:7      | Acquired 769 gold pieces
  9156 | D:1      | Bought the +2 robe of Vines {NoPotionHeal Regen+++} for 800
                  | gold pieces
  9156 | D:1      | Found the +2 robe of Vines {NoPotionHeal Regen+++}
  9449 | D:7      | Reached * piety under Sif Muna
 10184 | D:8      | Learned a level 4 spell: Hailstorm
 10206 | D:7      | Reached XP level 10. HP: 50/50 MP: 11/19
 11535 | D:9      | Reached skill level 5 in Invocations
 11538 | D:9      | Noticed a two-headed ogre
 11546 | D:8      | Killed a two-headed ogre
 11581 | D:9      | Reached ** piety under Sif Muna
 11590 | D:9      | Noticed Erica
 11636 | D:8      | Killed Erica
 11637 | D:8      | Reached XP level 11. HP: 54/54 MP: 11/21
 11732 | D:9      | Learned a level 3 spell: Ozocubu's Armour
 11758 | D:9      | Noticed a two-headed ogre
 11762 | D:9      | Noticed Erolcha
 11764 | D:9      | Killed a two-headed ogre
 11771 | D:9      | Killed Erolcha
 12269 | D:9      | Found a staircase to the Lair.
 12310 | D:9      | Learned a level 4 spell: Summon Ice Beast
 12393 | D:9      | Noticed Prince Ribbit
 12428 | D:9      | Killed Prince Ribbit
 12718 | D:10     | Entered Level 10 of the Dungeon
 12756 | Lair:1   | Entered Level 1 of the Lair of Beasts
 12767 | Lair:1   | Reached *** piety under Sif Muna
 12772 | Lair:1   | Reached skill level 1 in Summonings
 12865 | Lair:1   | Identified the +8 short sword "Husiyvedgh" {spect, rPois
                  | Will+ Str-2 Stlth+}
 12981 | Lair:1   | Reached XP level 12. HP: 51/59 MP: 24/24
 13003 | Lair:1   | Reached skill level 1 in Fighting
 13011 | Lair:1   | Reached skill level 1 in Short Blades
 13686 | Lair:2   | Reached **** piety under Sif Muna
 13722 | Lair:2   | Noticed a five-headed hydra
 13833 | Lair:2   | Found a frozen archway.
 13847 | IceCv    | Entered an ice cave
 13884 | IceCv    | Demolished by a dire elephant simulacrum

Illustrated notes

Levels and vault maps discovered:
D:1:      minmay_arrival_glassed_features, layout_basic,
          ebering_ecumenical_altar_box, serial_shops, nicolae_shop_waterfront,
          hangedman_abyss_or_decor_stabs
D:2:      layout_basic, chequers_big_river, grunt_ministairs_15
D:3:      layout_rooms, marbit_many_paths, serial_curves, eino_curves_03,
          eino_curves_01, kennysheep_generic_room_6, uniq_ijyb
D:4:      minmay_diamond_boxcup, layout_cave_pools, overflow_temple_1_default
D:5:      layout_rooms, amethyst_overflow_temple_binary, lemuel_doored_altar,
          gup_sewer_entry_glass, uniq_menkaure
D:6:      layout_loops_ring, minmay_temple_entry_statues, dk_noncrumbling_3
D:7:      layout_loops_ring, minivault_14
D:8:      layout_loops_cross
D:9:      layout_basic, minmay_lair_entry_grove, uniq_erica, uniq_erolcha,
          uniq_prince_ribbit1
D:10:     layout_grid_maze, vehumet_crystals, zombieorc1_lemuel,
          solitary_fountain, uniq_grum
Temple:   regret_index_temple_sphere_string
Lair:1:   layout_long_grid, cheibrodos_lair_reptile_den
Lair:2:   layout_loops_ring, portal_ice_cave_entry_pillars_2, roderic_batcave,
          chequers_serial_rivers_large_a, chequers_serial_rivers_small_b,
          chequers_serial_rivers_micro_d
IceCv:    ice_cave_statue_garden_chambered

Skill      XL: |  1  2  3  4  5  6  7  8  9 10 11 12 |
---------------+-------------------------------------+-----
Dodging        | 2 3 4 5 6 7 |  7.6
Conjurations   | 1 2 3 5 6 8 9 |  9.6
Armour         | 1 2 |  2.0
Shields        | 1 2 3 4 |  4.0
Spellcasting   | 3 4 5 6 7 8 |  8.4
Ice Magic      | 5 6 7 8 9 |  9.8
Invocations    | 3 5 7 |  7.7
Summonings     | 2 |  2.9
Fighting       | 2 |  2.3
Short Blades   | 1 |  1.9
Stealth        | 3 |  3.6

Action                   |  1- 3 |  4- 6 |  7- 9 | 10-12 || total
-------------------------+-------+-------+-------+-------++-------
Melee: Whip              |    42 |    51 |   105 |       ||   198
       Hand axe          |       |       |    73 |    91 ||   164
       Short sword       |       |       |       |    82 ||    82
 Cast: Freeze            |    42 |    74 |    91 |    14 ||   221
       Magic Dart        |     3 |     1 |     4 |       ||     8
       Frozen Ramparts   |       |     7 |    24 |    40 ||    71
       Searing Ray       |       |       |    19 |    27 ||    46
       Summon Ice Beast  |       |       |       |     6 ||     6
Evoke: Wand              |       |     2 |     4 |       ||     6
  Use: Scroll            |     2 |    11 |     4 |     8 ||    25
       Potion            |       |       |     4 |     1 ||     5
 Stab: Sleeping          |       |     1 |     1 |     5 ||     7
Armor: Robe              |     3 |       |     3 |    71 ||    77
       Leather armour    |    32 |    46 |   133 |       ||   211
       Troll leather arm |       |       |    17 |       ||    17
Dodge: Dodged            |    38 |    38 |   248 |   214 ||   538
Block: Buckler           |       |    20 |    90 |    61 ||   171
